 Dungeon Crawl Stone Soup version 0.24-a0-769-g368c1644f8 (webtiles) character file.

Game seed: 8370516507729664643, levelgen mode: deterministic

93 Golodhrim the Ruffian (level 4, -2/40 HPs)
             Began as a Troll Transmuter on Oct 5, 2019.
             Killed by divine providence
             ... invoked by an orc priest
              (10 damage)
             ... on level 2 of the Dungeon.
             The game lasted 00:21:31 (1193 turns).

Golodhrim the Ruffian (Troll Transmuter)            Turns: 1193, Time: 00:21:32

Health: -2/40      AC:  6    Str: 18    XL:     4   Next: 37%
Magic:  4/4        EV: 10    Int: 10    God:
Gold:   113        SH:  0    Dex: 10    Spells: 4/5 levels left

rFire    . . .     SeeInvis .     - Unarmed
rCold    + . .     Gourm    +   (no shield)
rNeg     . . .     Faith    .   b - +0 robe
rPois    .         Spirit   .   (helmet restricted)
rElec    .         Reflect  .   (no cloak)
rCorr    .         Harm     .   (gloves unavailable)
MR       .....                  (boots unavailable)
Stlth    +.........             (no amulet)
HPRegen  0.53/turn              k - ring of protection from cold
MPRegen  0.09/turn              (no ring)

@: no status effects
A: large, unfitting armour, claws 3, fast metabolism 3, gourmand, regeneration
1, shaggy fur 1, tough skin 3
a: no special abilities


You were on level 2 of the Dungeon.
You were not hungry.

You visited 1 branch of the dungeon, and saw 2 of its levels.

You collected 113 gold pieces.

Inventory:

Missiles
 a - 41 arrows
 g - 19 stones (quivered)
Armour
 b - a +0 robe (worn)
Jewellery
 k - a ring of protection from cold (left claw)
Scrolls
 c - a scroll of identify
 e - a scroll of fog {unknown}
 f - a scroll of remove curse {unknown}
 i - 2 scrolls of blinking
 j - a scroll of amnesia {unknown}
Potions
 h - a potion of haste {unknown}
Comestibles
 d - 3 rations


   Skills:
 - Level 0.7 Fighting
 + Level 2.0 Dodging
 - Level 0.1 Stealth
 + Level 4.8 Unarmed Combat
 - Level 1.2 Spellcasting
 + Level 1.6 Transmutations


You had 4 spell levels left.
You knew the following spells:

 Your Spells              Type           Power        Failure   Level  Hunger
a - Beastly Appendage     Tmut           #.....       17%         1    ##.....

Your spell library contained the following spells:

 Spells                   Type           Power        Failure   Level  Hunger
 Sticks to Snakes         Tmut           #.......     26%         2    ###....
 Spider Form              Tmut/Pois      #.........   58%         3    ####...
 Ice Form                 Ice/Tmut       #.......     94%         4    #####..
 Blade Hands              Tmut           #.........   99%         5    ######.


Dungeon Overview and Level Annotations

Branches:
Dungeon (2/15)

Altars:


Innate Abilities, Weirdness & Mutations

You are too large for most types of armour.
You have claws for hands.
Your metabolism is lightning-fast.
You like to eat raw meat.
Your natural rate of healing is unusually fast.
You are covered in fur. (AC +1)
You have extremely tough skin. (AC +3)


Message History

You barely miss the orc. The orc barely misses you.
You claw the orc!
You kill the orc!
Your Dodging skill increases to level 2!
The orc priest mumbles some strange prayers to Beogh against you.
Beogh smites you!
* * * LOW HITPOINT WARNING * * *
You scratch the orc.
The orc is lightly wounded.
You claw the orc!
You kill the orc!
You closely miss the orc priest.
The orc priest hits you but does no damage.
You barely miss the orc priest.
The orc priest hits you but does no damage.
You claw the orc priest!
The orc priest is almost dead.
The orc priest invokes the aid of Beogh against you.
Beogh smites you!
You die...

..... #.#.### #
#.#... ..
#....#..(
#........
#(..(o...
#oo(.o...
#o#..#.. #@#...
#.#.######
#.........
##.###### #.#
#.# #.# #.#
#.#############


You could see an orc priest and 2 orcs.

Vanquished Creatures
  An orc priest (D:2)
  An adder (D:2)
  3 worms (D:2)
  2 dart slugs (D:2)
  2 leopard geckos (D:1)
  2 orcs (D:2)
  7 hobgoblins
  4 kobolds
  A quokka (D:2)
  A ball python (D:1)
  5 bats
  A frilled lizard (D:1)
  6 goblins
  3 rats
39 creatures vanquished.

Notes
Turn   | Place    | Note
-------+----------+-------------------------------------------
     0 | D:1      | Golodhrim the Troll Transmuter began the quest for the Orb.
     0 | D:1      | Reached XP level 1. HP: 18/18 MP: 1/1
   252 | D:1      | Reached XP level 2. HP: 23/26 MP: 2/2
   909 | D:2      | Reached XP level 3. HP: 30/32 MP: 3/3
   919 | D:2      | Reached skill level 4 in Unarmed Combat
  1186 | D:2      | Reached XP level 4. HP: 19/40 MP: 4/4
  1193 | D:2      | Killed from afar by an orc priest

Levels and vault maps discovered:
D:1:      ncdulo_smallfort, layout_loops_ring
D:2:      cheibrodos_pilgrimage, layout_loops_ring

Skill      XL: |  1  2  3  4 |
---------------+-------------+-----
Unarmed Combat | 4 |  4.8
Dodging        | 2 |  2.0
Fighting       | |  0.7
Stealth        | |  0.1
Spellcasting   | |  1.2
Transmutations | |  1.6

Action                   |  1- 3 |  4- 6 || total
-------------------------+-------+-------++-------
Melee: Unarmed           |    94 |     7 ||   101
       Punch             |     2 |       ||     2
Throw: Stone             |     9 |       ||     9
  Use: Scroll            |     2 |       ||     2
 Stab: Sleeping          |     2 |       ||     2
  Eat: Chunk             |    12 |       ||    12
Armor: Robe              |    27 |     1 ||    28
Dodge: Dodged            |    45 |     1 ||    46

Table legend:
 A = Non-vault XP
 B = Vault XP
 C = Vault XP percentage of total XP
 D = Non-vault monster count
 E = Vault monster count
 F = Vault count percentage of total count
                 A         B        C        D         E       F
            +---------+---------+-------+---------+---------+-------
      Total |      87 |      47 |  35.1 |      36 |       3 |   7.7
            +---------+---------+-------+---------+---------+-------
        D:1 |      38 |       0 |   0.0 |      22 |       0 |   0.0
        D:2 |      49 |      47 |  49.0 |      14 |       3 |  17.6
            +---------+---------+-------+---------+---------+-------
